 Dungeon Crawl Stone Soup version 0.32-a0-18-g89e19f1 (webtiles) character file.

Game seed: 1085325831317783204

10569 PublicAnimeNo1 the Toxicologist (level 11, -2/83 HPs)
             Began as a Demonspawn Alchemist on Jan 16, 2024.
             Was a Follower of Yredelemnul.
             Killed by divine providence
             ... invoked by an orc priest
              (12 damage)
             ... on level 1 of the Orcish Mines.
             The game lasted 00:19:30 (10997 turns).

PublicAnimeNo1 the Toxicologist (DsAl)             Turns: 10997, Time: 00:19:30

Health: -2/83      AC: 11    Str:  9    XL:     11   Next: 37%
Magic:  2/21       EV: 10    Int: 20    God:    Yredelemnul [*.....]
Gold:   900        SH:  0    Dex: 13    Spells: 13/24 levels left

rFire   . . .        b - +3 short sword (venom)
rCold   . . .        (no shield)
rNeg    . . .        q - +0 swamp dragon scales
rPois   +            (no helmet)
rElec   .            (no cloak)
rCorr   .            (no gloves)
SInv    .            y - +0 pair of boots
Will    .....        (no amulet)
Stlth   ++           D - ring of flight
HPRegen 0.33/turn    (no ring)
MPRegen 0.17/turn

%: no passive effects
@: flying
A: yellow scales 1, demonic magic 1, demonic touch 2
a: Renounce Religion, Recall Undead Harvest


You were on level 1 of the Orcish Mines.
You worshipped Yredelemnul.
Yredelemnul was aware of your devotion.
You visited 3 branches of the dungeon, and saw 12 of its levels.

You collected 900 gold pieces.

Inventory:

Hand Weapons
 a - a +1 short sword of electrocution
 b - a +3 short sword of venom (weapon)
 c - a +1 vampiric short sword
Armour
 d - a +0 robe
 q - +0 swamp dragon scales (worn)
 y - a +0 pair of boots (worn)
 B - a +0 helmet
Jewellery
 D - a ring of flight (left hand)
Talismans
 k - a dragon-blood talisman
Wands
 e - a wand of roots (7)
 t - a wand of mindburst (4)
 x - a wand of charming (19)
 A - a wand of flame (14)
Scrolls
 f - 2 scrolls of teleportation
 g - a scroll of revelation
 i - 3 scrolls of poison
 o - 3 scrolls of enchant armour
 r - 2 scrolls of enchant weapon
 s - 2 scrolls of immolation
 u - 2 scrolls of amnesia
 v - a scroll of identify
 w - a scroll of fog
 E - 3 scrolls of vulnerability {unknown}
 F - a scroll of noise {unknown}
Potions
 h - 3 potions of enlightenment
 j - a potion of berserk rage
 l - 7 potions of curing
 m - 3 potions of magic
 n - a potion of mutation
 p - 4 potions of might
 z - 2 potions of haste
 C - a potion of brilliance


   Skills:
 + Level 6.5 Fighting
 + Level 6.2 Short Blades
 + Level 3.4 Armour
 - Level 1.7 Dodging
 + Level 5.6 Stealth
 - Level 7.0 Spellcasting
 - Level 1.0 Conjurations
 + Level 3.3 Fire Magic
 - Level 9.2 Alchemy
 - Level 9.0 Invocations


You had 13 spell levels left.
You knew the following spells:

 Your Spells              Type           Power      Damage    Failure   Level
a - Sticky Flame          Fire/Alch      32%        2d7       19%         4
b - Mephitic Cloud        Conj/Alch/Air  20%        N/A       19%         3
c - Olgreb's Toxic Radia  Alch           44%        N/A       5%          4

Your spell library contained the following spells:

 Spells                   Type           Power      Damage    Failure   Level
 Sting                    Conj/Alch      100%       1d9       3%          1
 Mercury Vapours          Alch/Air       50%        N/A       5%          2
 Necrotise                Necr           28%        1d5       24%         1
 Vampiric Draining        Necr           7%         2d6       58%         3
 Martyr's Knell           Necr/Summ      7%         N/A       94%         4
 Sculpt Simulacrum        Ice/Alch       12%        N/A       99%         6
 Curse of Agony           Necr           7%         N/A       100%        5
 Ozocubu's Refrigeration  Ice            3%         4d8       100%        7
 Polar Vortex             Ice            3%         N/A       100%        9


Dungeon Overview and Level Annotations

Branches:
Dungeon (10/15)            Temple (1/1) D:6            Lair (0/5) D:10
    Orc (1/2) D:9

Altars:
Ashenzari
Cheibriados
Dithmenos
Fedhas
Gozag
Hepliaklqana
Kikubaaqudgha
Makhleb
Nemelex Xobeh
Okawaru
Qazlal
Ru
Sif Muna
Trog
Uskayaw
Vehumet
Wu Jian
Xom
Yredelemnul

Shops:
D:4 *

Annotations:
D:4 1 runed translucent door, Blork the orc; Eustachio; ironshield's ghost, amateur DsSu
D:5 Edmund


Innate Abilities, Weirdness & Mutations

You are partially covered in yellow scales. (AC +2)
Spells you cast may paralyse adjacent enemies.
Your touch may inflict irresistible damage on your foes.


Message History

You hit the orc knight but do no damage.
The orc knight looks even sicker.
The orc knight is moderately wounded.
Reactivating autopickup.
You feel a bit more experienced.
The dead are walking!
You hit the orc knight.
The orc knight looks as sick as possible!
The orc knight is moderately wounded.
The orc knight is engulfed in noxious fumes.
The orc knight appears confused.
The orc knight barely misses the troll.
The orc warrior unwields a +0 scimitar.
The orc warrior wields a +0 orcbow.
The orc warrior shoots an arrow.
The arrow hits your orc wizard zombie.
The orc closely misses your orc wizard zombie.
The troll is engulfed in noxious fumes.
The troll appears confused.
The troll barely misses the orc knight. x2; The troll claws the orc knight!
You barely miss the orc knight.
The orc knight is heavily wounded.
Your ogre zombie hits the orc knight!
The orc priest calls down the wrath of Beogh upon you.
Beogh smites you!
A kobold blastminer comes into view.
An orc warrior comes into view.
It is wielding a +1 dire flail of venom.
The troll is engulfed in noxious fumes.
The troll appears confused.
The orc knight is engulfed in noxious fumes.
The orc knight appears confused.
The orc knight closely misses the warg.
The orc knight hits itself with a +0 great sword!
You catch the helpless orc knight completely off-guard!
You puncture the orc knight!
The orc knight looks as sick as possible!
Your touch misses the orc knight.
The orc knight is almost dead.
The warg bites you!
* * * LOW HITPOINT WARNING * * *
The orc warrior shoots an arrow.
The arrow hits your orc wizard zombie!!
The orc priest looks more healthy.
The warg attacks as it pursues you! The warg closely misses you.
The orc priest calls down the wrath of Beogh upon you.
Beogh smites you!
You die...
Your body rises from the dead as a mindless zombie.

#.###..# ##
##.#...$#.#
##.##...........
.#......^........
.................
#.....).........
#<>..$.....
#.#.##)).....#..
#$...).@Z☼T.o...
#....##.h.o○o.o..
...# #.#☼#.Z....
.. #....o...o.K
##......o.o.
#....###o#.
#...## # ....#
.....#


You could see an orc knight (confused, extremely poisoned, ally target), a troll
(confused, poisoned), a warg, 4 orc warriors, 2 orc priests, 2 orcs, a friendly
orc wizard zombie and a friendly ogre zombie.

Vanquished Creatures
  A boulder beetle (D:8)
  Lodul (D:10)
  An unseen horror (D:8)
  A komodo dragon (D:8)
  2 wraiths
  A wyvern (D:9)
  A vampire (D:10)
  12 yaks
  A warg (Orc:1)
  Menkaure (D:7)
  4 water moccasins
  4 orc warriors
  An ice beast (D:7)
  2 sky beasts
  2 black bears
  10 ogres
  2 phantoms (D:4)
  3 kobold brigands
  3 bullfrogs
  2 scorpions
  13 killer bees
  4 howler monkeys
  A hound (D:6)
  A bombardier beetle (D:4)
  A gnoll bouda (D:6)
  4 orc priests
  8 orc wizards
  A sleepcap (D:7)
  3 iguanas
  5 adders
  10 gnolls
  A shadow imp (D:7)
  A dart slug (D:4)
  2 ribbon worms
  35 orcs
  16 bats
  7 endoplasms
  A giant cockroach (D:1)
  5 goblins
  6 hobgoblins
  7 jackals
  5 quokkas
  6 ball pythons
  2 frilled lizards
  26 kobolds
  4 rats
230 creatures vanquished.

Vanquished Creatures (collateral kills)
  A gargoyle (D:10)
  A troll (D:8)
  3 yaks
  A wraith (D:8)
  An acid dragon (D:8)
  A laughing skull (D:8)
  2 wolves (D:10)
  An ogre (Orc:1)
  2 centaurs
  A bullfrog (D:7)
  2 killer bees
  3 howler monkeys
  An orc priest (D:7)
  2 gnoll boudas
  An iguana (D:6)
  6 gnolls
  4 orcs (D:6)
  2 kobolds (D:6)
  A bat (D:6)
  2 butterflies (D:6)
38 creatures vanquished.

Vanquished Creatures (others)
  A water moccasin zombie (D:8)
  A yak zombie (D:8)
  2 bullfrog zombies
  3 killer bee zombies
  2 ogre zombies (D:10)
  2 bat zombies (D:6)
  6 gnoll zombies (D:6)
  A kobold zombie (D:6)
  7 orc zombies
25 creatures vanquished.

Grand Total: 293 creatures vanquished

Notes
Turn   | Place    | Note
-------+----------+-------------------------------------------
     0 | D:1      | PublicAnimeNo1 the Demonspawn Alchemist began the quest for
                  | the Orb.
     0 | D:1      | Reached XP level 1. HP: 13/13 MP: 3/3
   165 | D:1      | You fall into a shaft and drop 1 floor!
   260 | D:2      | Found an iron altar of Okawaru.
   314 | D:2      | Gained mutation: Spells you cast may paralyse adjacent
                  | enemies. [demonic ancestry]
   314 | D:2      | Reached XP level 2. HP: 19/19 MP: 1/5
   830 | D:1      | Gained mutation: Your touch may inflict minor irresistible
                  | damage on your foes. [demonic ancestry]
   830 | D:1      | Reached XP level 3. HP: 24/24 MP: 0/6
  1856 | D:3      | Learned a level 3 spell: Mephitic Cloud
  1964 | D:3      | Gained mutation: Your touch may inflict irresistible damage
                  | on your foes. [demonic ancestry]
  1964 | D:3      | Reached XP level 4. HP: 30/30 MP: 1/7
  2722 | D:4      | Found a runed translucent door.
  2722 | D:4      | Noticed ironshield's ghost (amateur DsSu)
  2729 | D:4      | Noticed Blork the orc
  2955 | D:4      | Reached XP level 5. HP: 35/35 MP: 4/8
  3134 | D:4      | Reached skill level 1 in Short Blades
  3134 | D:4      | Reached skill level 5 in Alchemy
  3135 | D:4      | Found Pehen's CLEARANCE SALE!.
  3281 | D:4      | Noticed a phantom
  3306 | D:4      | Killed a phantom
  3307 | D:4      | Reached XP level 6. HP: 13/41 MP: 10/10
  3715 | D:4      | Noticed Eustachio
  3902 | D:5      | Entered Level 5 of the Dungeon
  4141 | D:5      | Noticed Edmund
  4385 | D:6      | Reached XP level 7. HP: 46/46 MP: 5/12
  4757 | D:6      | Learned a level 4 spell: Olgreb's Toxic Radiance
  4790 | D:6      | Found a staircase to the Ecumenical Temple.
  4812 | Temple   | Entered the Ecumenical Temple
  4843 | Temple   | Became a worshipper of Yredelemnul the Dark
  5067 | D:6      | Reached * piety under Yredelemnul
  5075 | D:6      | Reached skill level 1 in Fighting
  5215 | D:6      | Reached skill level 1 in Invocations
  5215 | D:6      | Gained mutation: You are partially covered in yellow
                  | scales. (AC +2) [demonic ancestry]
  5215 | D:6      | Reached XP level 8. HP: 55/55 MP: 10/14
  5362 | D:6      | Reached ** piety under Yredelemnul
  5883 | D:7      | Noticed Menkaure
  5901 | D:7      | Killed Menkaure
  6139 | D:7      | Reached skill level 5 in Spellcasting
  6572 | D:7      | Reached *** piety under Yredelemnul
  6572 | D:7      | Reached XP level 9. HP: 24/64 MP: 13/16
  6575 | D:7      | Reached **** piety under Yredelemnul
  6584 | D:7      | Reached ***** piety under Yredelemnul
  6586 | D:7      | Reached skill level 5 in Invocations
  7081 | D:8      | Noticed a boulder beetle
  7096 | D:8      | Killed a boulder beetle
  7100 | D:8      | Killed an unseen horror
  7509 | D:8      | Reached XP level 10. HP: 71/71 MP: 15/20
  8110 | D:8      | Reached ****** piety under Yredelemnul
  8729 | D:9      | Reached skill level 5 in Fighting
  8741 | D:9      | Learned a level 4 spell: Sticky Flame
  8749 | D:9      | Reached skill level 5 in Short Blades
  8954 | D:9      | Found an opulent altar of Gozag.
  8954 | D:9      | Found a sparkling altar of Nemelex Xobeh.
  9088 | D:9      | Reached skill level 1 in Armour
  9088 | D:9      | Reached skill level 1 in Fire Magic
  9449 | D:9      | Found a staircase to the Orcish Mines.
  9587 | D:10     | Entered Level 10 of the Dungeon
  9685 | D:10     | Noticed Lodul
  9709 | D:10     | Killed Lodul
  9950 | D:10     | Reached XP level 11. HP: 81/81 MP: 16/21
 10056 | D:10     | Reached skill level 5 in Stealth
 10074 | D:10     | Found a staircase to the Lair.
 10968 | Orc:1    | Entered Level 1 of the Orcish Mines
 10985 | Orc:1    | Noticed an orc knight
 10997 | Orc:1    | Killed from afar by an orc priest

Illustrated notes

Levels and vault maps discovered:
D:1:      dpeg_arrival_prison, layout_loops_ring, minmay_door_square
D:2:      layout_basic, basic_altar, minmay_misc_feat_more_columns,
          nrook_mini_vaults
D:3:      layout_loops_cross, serial_bayou_pond_a, grunt_ministairs_2,
          minmay_vboxes
D:4:      layout_basic, hellmonk_ghost_happy_afterlife, nicolae_shop_clearance,
          uniq_eustachio, uniq_blork_the_orc
D:5:      layout_basic, okawaru_altar_gauntlet_db, hangedman_decor_push,
          uniq_crazy_yiuf_cottage, uniq_edmund
D:6:      layout_rooms, zin_academy, minmay_temple_entry_butterflies,
          minivault_1, hangedman_abyss_or_decor_slice, roderic_batcave
D:7:      layout_layer_cave, serial_park_tiny_pond, uniq_menkaure
D:8:      minmay_diamond_stairs, layout_loops_corners
D:9:      layout_cave_pods, grunt_temple_overflow_opulence
D:10:     layout_basic, erik_lair_orcish_takeover, uniq_lodul
Temple:   dpeg_three_leaves_temple
Orc:1:    layout_caves, basic_altar

Skill      XL: |  1  2  3  4  5  6  7  8  9 10 11 |
---------------+----------------------------------+-----
Alchemy        | 4 5 6 7 8 9 |  9.2
Stealth        | 2 3 4 5 |  5.6
Short Blades   | 1 2 3 4 5 6 |  6.2
Spellcasting   | 3 4 5 7 |  7.0
Fighting       | 1 3 4 5 6 |  6.5
Invocations    | 1 4 7 9 |  9.0
Armour         | 2 3 |  3.4
Fire Magic     | 2 3 |  3.3
Dodging        | |  1.7
Conjurations   | |  1.0

Action                     |  1- 3 |  4- 6 |  7- 9 | 10-12 || total
---------------------------+-------+-------+-------+-------++-------
  Melee: Short sword       |    32 |    85 |   132 |   136 ||   385
         Touch             |     4 |    13 |    24 |    28 ||    69
         Punch             |       |       |       |     2 ||     2
   Cast: Sting             |    65 |    36 |    37 |     1 ||   139
         Olgreb's Toxic Ra |       |       |     9 |    26 ||    35
         Mephitic Cloud    |       |       |       |     2 ||     2
         Sticky Flame      |       |       |       |     1 ||     1
 Invoke: Drain Life        |       |       |     1 |       ||     1
         Recall Undead Har |       |       |       |     4 ||     4
         Dark Bargain      |       |       |       |     1 ||     1
  Evoke: Wand              |       |       |     7 |       ||     7
    Use: Scroll            |     1 |     3 |     5 |     8 ||    17
         Potion            |       |       |     1 |     2 ||     3
   Stab: Paralysed         |     3 |     5 |    11 |     8 ||    27
         Sleeping          |     2 |     3 |     1 |     1 ||     7
         Distracted        |       |       |     3 |     3 ||     6
         Confused          |       |       |       |     1 ||     1
 Armour: Robe              |    17 |    38 |    53 |       ||   108
         Swamp dragon scal |       |       |    53 |    71 ||   124
  Dodge: Dodged            |    19 |    44 |    81 |    48 ||   192

Table legend: (Time is in decaauts)
 A = Elapsed time spent in this place.
 B = Non-inter-level travel time spent in this place.
 C = Inter-level travel time spent in this place.
 D = Time resting spent in this place.
 E = Time spent auto-exploring this place.
 F = Levels seen in this place.
 G = Mean time per level.
                   A        B        C        D        E       F      G
               +--------+--------+--------+--------+--------+-----+--------+
         Total |  10949 |  10509 |    440 |   1820 |   7274 |  12 |  912.4 |
       Dungeon |  10793 |  10362 |    431 |   1711 |   7274 |  10 | 1079.3 |
        Temple |    132 |    123 |      9 |    109 |      0 |   1 |  132.0 |
  Orcish Mines |     23 |     23 |      0 |      0 |      0 |   1 |   23.0 |
               +--------+--------+--------+--------+--------+-----+--------+

Top non-repeatable levels by time:
     D:8: 1747 daAuts
     D:4: 1462 daAuts
    D:10: 1354 daAuts
     D:1: 1196 daAuts
     D:6: 1179 daAuts
     D:7: 1146 daAuts
     D:9: 877 daAuts
     D:3: 839 daAuts
     D:5: 513 daAuts
     D:2: 476 daAuts
  Temple: 132 daAuts
   Orc:1: 23 daAuts
